 Dungeon Crawl Stone Soup version 0.26-a0-52-gd53d4cd058 (webtiles) character file.

Game seed: 13547471079295291397

1136 vurker the Charmwright (level 8, -2/63 HPs)
             Began as a Gnoll Skald on June 6, 2020.
             Slain by a sky beast (6 damage)
             ... on level 6 of the Dungeon.
             The game lasted 00:10:00 (5899 turns).

vurker the Charmwright (Gnoll Skald)                Turns: 5899, Time: 00:10:01

Health: -2/63      AC:  5    Str: 13    XL:     8   Next: 36%
Magic:  16/17      EV: 15    Int: 18    God:
Gold:   268        SH:  5    Dex: 15    Spells: 13/19 levels left

rFire    . . .     SeeInvis .   a - +1 spear
rCold    + . .     Gourm    .   i - +0 buckler
rNeg     . . .     Faith    .   z - +0 leather armour {rC+}
rPois    +         Spirit   .   (no helmet)
rElec    .         Reflect  .   (no cloak)
rCorr    .         Harm     .   x - +1 pair of gloves (curse)
MR       +....                  (no boots)
Stlth    ++........             (no amulet)
HPRegen  0.20/turn              y - ring of poison resistance
MPRegen  0.15/turn              t - ring of protection from magic

@: no status effects
A: distributed training, fangs 1, strong nose
a: no special abilities


You were on level 6 of the Dungeon.
You were not hungry.

You visited 1 branch of the dungeon, and saw 6 of its levels.
You also visited: Ossuary.

You collected 268 gold pieces.

Inventory:

Hand Weapons
 a - a +1 spear (weapon)
Armour
 i - a +0 buckler (worn)
   (You found it on level 1 of the Dungeon)
 x - a cursed +1 pair of gloves (worn)
   (You found it on level 3 of the Dungeon)
 z - a +0 leather armour of cold resistance (worn)
   (You took it off an orc on level 3 of the Dungeon)
Jewellery
 m - an uncursed ring of protection from cold
   (You found it on level 2 of the Dungeon)
 n - an uncursed ring of resist corrosion
   (You found it on level 2 of the Dungeon)
 t - a ring of protection from magic (right hand)
   (You found it on level 2 of the Dungeon)
 y - a ring of poison resistance (left hand)
   (You found it on level 5 of the Dungeon)
Scrolls
 b - 8 scrolls of remove curse
 f - 4 scrolls of enchant armour
 g - a scroll of enchant weapon
 k - 2 scrolls of fear {unknown}
 l - 5 scrolls of teleportation
 p - a scroll of amnesia
 s - 3 scrolls of identify
 u - 2 scrolls of magic mapping
 w - 2 scrolls of immolation
 B - a scroll of torment {unknown}
 D - 2 scrolls of fog {unknown}
Potions
 c - 4 potions of flight
 d - 2 potions of magic {unknown}
 h - a potion of heal wounds {unknown}
 j - 2 potions of stabbing {unknown}
 o - 2 potions of haste {unknown}
 q - 2 potions of curing {unknown}
 r - 3 potions of degeneration {unknown}
 v - a potion of lignification {unknown}
 A - a potion of invisibility {unknown}
Comestibles
 e - 10 rations
 C - a chunk of flesh


   Skills:
 + Level 5.6 Fighting
 + Level 3.1 Short Blades
 + Level 3.1 Long Blades
 + Level 3.1 Axes
 + Level 3.1 Maces & Flails
 + Level 5.6 Polearms
 + Level 3.1 Staves
 + Level 3.1 Slings
 + Level 3.1 Bows
 + Level 3.1 Crossbows
 + Level 3.1 Throwing
 + Level 4.1 Armour
 + Level 5.6 Dodging
 + Level 3.1 Stealth
 + Level 3.1 Shields
 + Level 3.1 Unarmed Combat
 + Level 6.0 Spellcasting
 + Level 2.5 Conjurations
 + Level 2.5 Hexes
 + Level 6.1 Charms
 + Level 2.5 Summonings
 + Level 2.5 Necromancy
 + Level 2.5 Translocations
 + Level 2.5 Transmutations
 + Level 2.5 Fire Magic
 + Level 2.5 Ice Magic
 + Level 2.5 Air Magic
 + Level 2.5 Earth Magic
 + Level 2.5 Poison Magic
 + Level 3.4 Invocations
 + Level 3.1 Evocations


You had 13 spell levels left.
You knew the following spells:

 Your Spells              Type           Power        Failure   Level  Hunger
a - Infusion              Chrm           ####         1%          1    None
b - Spectral Weapon       Hex/Chrm       ###.....     9%          3    ##.....
q - Song of Slaying       Chrm           ####....     1%          2    None

Your spell library contained the following spells:

 Spells                   Type           Power        Failure   Level  Hunger
 Shroud of Golubria       Chrm/Tloc      ###...       4%          2    None
 Ozocubu's Armour         Chrm/Ice       ###.....     9%          3    ##.....


Dungeon Overview and Level Annotations

Branches:
Dungeon (6/15)            Ossuary (visited)
 Temple: D:4-7

Altars:
Dithmenos
Hepliaklqana
Okawaru
Xom

Annotations:
D:3 2 transporters, EnemyBeauty's ghost, amateur MiFi


Innate Abilities, Weirdness & Mutations

Your experience applies equally to all skills.
You have very sharp teeth.
Your uncanny sense of smell can sniff out nearby items.


Message History

Your spectral weapon misses the sky beast.
The sky beast hits you but does no damage.
You hit the sky beast but do no damage.
Your spectral weapon hits the sky beast.
The sky beast flickers out of sight!
Deactivating autopickup; reactivate with Ctrl-A.
You block something's attack.
No target in view!
No target in view!
You hit something. Something hits you but does no damage.
You barely miss something. You bite something. You miss something.
Something barely misses you.
You miss something. Your bite misses something.
Something hits you but does no damage.
You closely miss something. Something hits you. Something shocks you.
You hit something. Something barely misses you.
You hit something but do no damage. You block something's attack.
You barely miss something. Something hits you but does no damage.
You miss something. You miss something. Something hits you.
Something shocks you.
* * * LOW HITPOINT WARNING * * *
You hit something. Something barely misses you.
You closely miss something. Your bite misses something. Something hits you.
* * * LOW HITPOINT WARNING * * *
Something shocks you.
* * * LOW HITPOINT WARNING * * *
You hit something. Something hits you.
* * * LOW HITPOINT WARNING * * *
Something shocks you.
* * * LOW HITPOINT WARNING * * *
You completely miss something. You bite something. Something hits you.
* * * LOW HITPOINT WARNING * * *
Something shocks you.
* * * LOW HITPOINT WARNING * * *
You hit something but do no damage. Your bite misses something.
You hear the rusting of a very distant drain.
You barely miss something. Something hits you.
* * * LOW HITPOINT WARNING * * *
Something shocks you.
You die...

##..... ..#.... #.. #......
........ #....#......
#....... #....#......
#....... #....##.....
#......##########...##.....
#......##....#..#...##.....
#......##............#.....
##.........@{.........'.....
+.....†.....(.........#.....
#.....................#.....
#####+####............#.....
#............#.....
#....#..#..÷####...
#########...####...
#......#.... #......#....


You could see a friendly spectral +1 spear.

Vanquished Creatures
  Sigmund (D:2)
  An ice beast (D:6)
  A phantom (D:4)
  A bullfrog (D:6)
  A howler monkey (D:4)
  2 crimson imps (D:5)
  2 hounds
  2 jellies
  4 orc wizards
  A centaur skeleton (D:5)
  2 iguanas
  2 worker ants
  3 mummies (Ossuary)
  9 adders
  A shadow imp (D:3)
  2 oozes
  An adder skeleton (D:5)
  An adder zombie (Ossuary)
  4 worms
  2 dart slugs
  5 leopard geckos
  18 orcs
  2 giant cockroaches
  7 hobgoblins
  11 jackals
  6 kobolds
  5 quokkas
  2 ball pythons
  A ball python skeleton (D:4)
  8 bats
  4 frilled lizards
  7 goblins
  5 goblin zombies (Ossuary)
  3 hobgoblin zombies (Ossuary)
  2 kobold zombies (Ossuary)
  2 quokka zombies
  8 rats
  7 rat zombies
146 creatures vanquished.

Vanquished Creatures (others)
  A spectral weapon (Ossuary)
1 creature vanquished.

Grand Total: 147 creatures vanquished

Notes
Turn   | Place    | Note
-------+----------+-------------------------------------------
     0 | D:1      | vurker the Gnoll Skald began the quest for the Orb.
     0 | D:1      | Reached XP level 1. HP: 20/20 MP: 6/6
   192 | D:1      | Reached XP level 2. HP: 23/26 MP: 2/7
   312 | D:1      | Found a shimmering altar of Xom.
   436 | D:1      | Learned a level 2 spell: Song of Slaying
   598 | D:2      | Reached skill level 5 in Spellcasting
   598 | D:2      | Reached XP level 3. HP: 26/31 MP: 4/9
   644 | D:2      | Reached skill level 1 in Short Blades
   644 | D:2      | Reached skill level 1 in Long Blades
   644 | D:2      | Reached skill level 1 in Axes
   644 | D:2      | Reached skill level 1 in Maces & Flails
   644 | D:2      | Reached skill level 1 in Staves
   644 | D:2      | Reached skill level 1 in Slings
   644 | D:2      | Reached skill level 1 in Bows
   644 | D:2      | Reached skill level 1 in Crossbows
   644 | D:2      | Reached skill level 1 in Throwing
   644 | D:2      | Reached skill level 1 in Stealth
   644 | D:2      | Reached skill level 1 in Shields
   644 | D:2      | Reached skill level 1 in Unarmed Combat
   644 | D:2      | Reached skill level 1 in Invocations
   644 | D:2      | Reached skill level 1 in Evocations
   644 | D:2      | Reached XP level 4. HP: 18/38 MP: 11/11
   654 | D:2      | Learned a level 3 spell: Spectral Weapon
  1107 | D:2      | Noticed Sigmund
  1162 | D:2      | Killed Sigmund
  1162 | D:2      | Reached skill level 1 in Conjurations
  1162 | D:2      | Reached skill level 1 in Hexes
  1162 | D:2      | Reached skill level 1 in Summonings
  1162 | D:2      | Reached skill level 1 in Necromancy
  1162 | D:2      | Reached skill level 1 in Translocations
  1162 | D:2      | Reached skill level 1 in Transmutations
  1162 | D:2      | Reached skill level 1 in Fire Magic
  1162 | D:2      | Reached skill level 1 in Ice Magic
  1162 | D:2      | Reached skill level 1 in Air Magic
  1162 | D:2      | Reached skill level 1 in Earth Magic
  1162 | D:2      | Reached skill level 1 in Poison Magic
  1162 | D:2      | Reached XP level 5. HP: 33/43 MP: 0/12
  1162 | D:2      | Reached XP level 6. HP: 39/50 MP: 0/13
  2191 | D:3      | Found an iron altar of Okawaru.
  2402 | D:3      | Reached skill level 5 in Fighting
  2402 | D:3      | Reached skill level 5 in Polearms
  2402 | D:3      | Reached skill level 5 in Dodging
  2756 | D:3      | Found a transporter.
  2758 | D:3      | Found a transporter.
  2758 | D:3      | Noticed EnemyBeauty's ghost (amateur MiFi)
  3085 | D:4      | Reached XP level 7. HP: 39/56 MP: 11/15
  3468 | D:4      | Found a hazy altar of Hepliaklqana.
  3470 | D:4      | Found an iron altar of Okawaru.
  3578 | D:4      | Found a shadowy altar of Dithmenos.
  3877 | D:4      | Found a shimmering altar of Xom.
  4203 | D:5      | Entered Level 5 of the Dungeon
  4343 | D:5      | Found a sand-covered staircase.
  4554 | Ossuary  | Entered an ossuary
  5056 | D:5      | Reached XP level 8. HP: 56/63 MP: 16/16
  5899 | D:6      | Slain by a sky beast

Illustrated notes

Levels and vault maps discovered:
D:1:      sevenhm_arrival_forest_fort_small_3, layout_basic, xom_teletrap_fun
D:2:      layout_loops_cross, first_ration, minmay_split_cup_small, uniq_sigmund
D:3:      layout_basic, gammafunk_ghost_mausoleum, dk_vineyard_3, st_stairs_13,
          okawaru_metal_pillars_1_2
D:4:      layout_loops_ring, grunt_dithmenos_shadows,
          lemuel_coloured_pillars_altar, grunt_temple_overflow_open
D:5:      layout_loops_ring, enter_ossuary_4, chequers_serial_rivers_micro_e,
          kennysheep_generic_room_3
D:6:      nicolae_whirlpool, layout_gridville, grunt_gozag_breadcrumbs,
          portal_sewer_entry_a, ebering_ghost_reflecting_pool

Skill      XL: |  1  2  3  4  5  6  7  8 |
---------------+-------------------------+-----
Spellcasting   | 5 6 |  6.0
Short Blades   | 1 2 3 |  3.1
Long Blades    | 1 2 3 |  3.1
Axes           | 1 2 3 |  3.1
Maces & Flails | 1 2 3 |  3.1
Staves         | 1 2 3 |  3.1
Slings         | 1 2 3 |  3.1
Bows           | 1 2 3 |  3.1
Crossbows      | 1 2 3 |  3.1
Throwing       | 1 2 3 |  3.1
Stealth        | 1 2 3 |  3.1
Shields        | 1 2 3 |  3.1
Unarmed Combat | 1 2 3 |  3.1
Invocations    | 1 2 3 |  3.4
Evocations     | 1 2 3 |  3.1
Armour         | 3 4 |  4.1
Conjurations   | 1 2 |  2.5
Hexes          | 1 2 |  2.5
Summonings     | 1 2 |  2.5
Necromancy     | 1 2 |  2.5
Translocations | 1 2 |  2.5
Transmutations | 1 2 |  2.5
Fire Magic     | 1 2 |  2.5
Ice Magic      | 1 2 |  2.5
Air Magic      | 1 2 |  2.5
Earth Magic    | 1 2 |  2.5
Poison Magic   | 1 2 |  2.5
Fighting       | 5 |  5.6
Polearms       | 5 |  5.6
Dodging        | 5 |  5.6
Charms         | 6 |  6.1

Action                   |  1- 3 |  4- 6 |  7- 9 || total
-------------------------+-------+-------+-------++-------
Melee: Spear             |    53 |   256 |   373 ||   682
       Bite              |     4 |    22 |    44 ||    70
 Cast: Infusion          |     3 |     2 |       ||     5
       Spectral Weapon   |       |    10 |    14 ||    24
  Use: Scroll            |       |     2 |     7 ||     9
 Stab: Sleeping          |     1 |     6 |     8 ||    15
       Distracted        |       |     2 |     1 ||     3
  Eat: Chunk             |       |     8 |    10 ||    18
Armor: Leather armour    |     6 |    31 |    37 ||    74
Dodge: Dodged            |    19 |    96 |   145 ||   260
Block: Buckler           |     2 |    32 |    63 ||    97

Table legend:
 A = Non-vault XP
 B = Vault XP
 C = Vault XP percentage of total XP
 D = Non-vault monster count
 E = Vault monster count
 F = Vault count percentage of total count
                 A         B        C        D         E       F
            +---------+---------+-------+---------+---------+-------
      Total |    1151 |     472 |  29.1 |     114 |      32 |  21.9
            +---------+---------+-------+---------+---------+-------
        D:1 |      23 |       0 |   0.0 |      10 |       0 |   0.0
        D:2 |     112 |     231 |  67.3 |      22 |       4 |  15.4
        D:3 |     162 |       9 |   5.3 |      39 |       3 |   7.1
        D:4 |     261 |     121 |  31.7 |      23 |       1 |   4.2
        D:5 |     293 |      37 |  11.2 |      15 |       3 |  16.7
        D:6 |     300 |       0 |   0.0 |       5 |       0 |   0.0
    Ossuary |       0 |      74 | 100.0 |       0 |      21 | 100.0
            +---------+---------+-------+---------+---------+-------
